 Dungeon Crawl Stone Soup version 0.22-a0-580-gd5db89c09a (webtiles) character file.

35 Hibernaculum the Ogre Mage (level 3, -1/33 HPs)
             Began as an Ogre Transmuter on July 2, 2018.
             Slain by a hobgoblin
             ... wielding a +0 club
              (4 damage)
             ... on level 2 of the Dungeon.
             The game lasted 00:02:38 (1002 turns).

Hibernaculum the Ogre Mage (Ogre Transmuter)        Turns: 1002, Time: 00:02:38

Health: -1/33      AC:  3    Str: 14    XL:     3   Next: 33%
Magic:  6/7        EV: 10    Int: 14    God:
Gold:   55         SH:  0    Dex: 10    Spells: 7/8 levels left

rFire    . . .     SeeInvis .     - Unarmed
rCold    . . .     Gourm    .   (no shield)
rNeg     . . .     Faith    .   b - +0 robe
rPois    .         Spirit   .   (helmet restricted)
rElec    .         Reflect  .   (no cloak)
rCorr    .         Harm     .   (gloves unavailable)
MR       .....                  (boots unavailable)
Stlth    +.........             (no amulet)
HPRegen  0.11/turn              (no ring)
MPRegen  0.10/turn              (no ring)

@: appendage
A: large, unfitting armour, talons 3, tough skin 1
a: End Transformation


You were on level 2 of the Dungeon.
You were hungry.
You had grown temporary talons.
You visited 1 branch of the dungeon, and saw 2 of its levels.

You collected 55 gold pieces.

Inventory:

Missiles
 a - 33 arrows
Armour
 b - a +0 robe (worn)
Scrolls
 f - 3 scrolls of identify {unknown}
 g - 3 scrolls of fear {unknown}
 h - a scroll of magic mapping {unknown}
 j - a scroll of random uselessness {unknown}
 k - a scroll of immolation {unknown}
Potions
 e - a potion of heal wounds {unknown}
 i - a potion of ambrosia {unknown}
Comestibles
 c - a chunk of flesh
 d - 4 rations


   Skills:
 - Level 1.3 Fighting
 - Level 1.7 Dodging
 + Level 3.0 Unarmed Combat
 - Level 3.0 Spellcasting
 + Level 2.6 Transmutations


You had 7 spell levels left.
You knew the following spells:

 Your Spells              Type           Power        Failure   Level  Hunger
a - Beastly Appendage     Tmut           #.....       8%          1    #......

Your spell library contained the following spells:

 Spells                   Type           Power        Failure   Level  Hunger
 Spider Form              Tmut/Pois      #.........   36%         3    ###....
 Blade Hands              Tmut           #.........   90%         5    ######.
 Ice Form                 Ice/Tmut       #.......     77%         4    #####..
 Sticks to Snakes         Tmut           #.......     11%         2    ##.....


Dungeon Overview and Level Annotations

Branches:
Dungeon (2/15)

Altars:
Ashenzari
Elyvilon
Kikubaaqudgha
Wu Jian
Zin


Innate Abilities, Weirdness & Mutations

You are too large for most types of armour.
You have tough skin. (AC +1)
You have claws for feet.


Message History

You see here a whip.
You are feeling hungry.
Casting: Beastly Appendage (safe; 8% risk of failure)
Confirm with . or Enter, or press ? or * to list all spells.
You don't know that spell.
Casting: Beastly Appendage (safe; 8% risk of failure)
Confirm with . or Enter, or press ? or * to list all spells.
Your feet morph into talons.
The hobgoblin hits you but does no damage.
You hit the hobgoblin. Your kick misses the hobgoblin.
The hobgoblin is lightly wounded.
The hobgoblin hits you with a club.
* * * LOW HITPOINT WARNING * * *
You closely miss the hobgoblin. Your kick misses the hobgoblin.
The hobgoblin is lightly wounded.
The hobgoblin barely misses you.
You closely miss the hobgoblin.
The hobgoblin is lightly wounded.
The hobgoblin hits you with a club.
You die...

##### #...# ###...###
#.......#########
#...........g@..######
#.......#.#####......#
#.....##...# ######.#
#.#...#.....# #.#
#)######...## #####.#
#.# ##.## #.....#
####.#### #.# #.###.#
........# #.# #.# #.#
.###.##.# ##+##
#.###.#


You could see a hobgoblin.

Vanquished Creatures
  A worm (D:2)
  A dart slug (D:1)
  2 giant cockroaches (D:1)
  5 goblins
  4 hobgoblins (D:1)
  5 bats
  3 frilled lizards (D:1)
  4 kobolds
  6 rats
31 creatures vanquished.

Notes
Turn   | Place    | Note
-------+----------+-------------------------------------------
     0 | D:1      | Hibernaculum the Ogre Transmuter began the quest for the Orb.
     0 | D:1      | Reached XP level 1. HP: 19/19 MP: 3/3
   282 | D:1      | Reached XP level 2. HP: 27/27 MP: 3/5
   649 | D:2      | Reached XP level 3. HP: 30/33 MP: 7/7
   708 | D:2      | Found an ornate altar of the Wu Jian Council.
   708 | D:2      | Found a glowing silver altar of Zin.
   709 | D:2      | Found an ancient bone altar of Kikubaaqudgha.
   711 | D:2      | Found a white marble altar of Elyvilon.
   712 | D:2      | Found a shattered altar of Ashenzari.
  1002 | D:2      | Slain by a hobgoblin

Vault maps used:
D:1:      ncdulo_smallfort, minmay_misc_feat_four_crosses
D:2:      minitemple, first_ration

Skill      XL: |  1  2  3 |
---------------+----------+-----
Transmutations | 2 |  2.6
Spellcasting   | 3 |  3.0
Unarmed Combat | 3 |  3.0
Fighting       | |  1.3
Dodging        | |  1.7

Action                   || total
-------------------------++-------
Melee: Unarmed           ||    86
       Headbutt          ||     7
       Kick              ||     2
 Cast: Beastly Appendage ||    19
Armor: Robe              ||    18
Dodge: Dodged            ||    49

Table legend:
 A = Spawn XP
 B = Non-spawn XP
 C = Spawn XP percentage of total XP
 D = Spawn monster count
 E = Non-spawn monster count
 F = Spawn count percentage of total count
 G = Total turns spent on level
                    A         B        C        D         E        F      G
               +---------+---------+-------+---------+---------+-------+---------
         Total |       0 |      50 |   0.0 |       0 |      31 |   0.0 |  1002
               +---------+---------+-------+---------+---------+-------+---------
           D:1 |       0 |      32 |   0.0 |       0 |      21 |   0.0 |   596
           D:2 |       0 |      18 |   0.0 |       0 |      10 |   0.0 |   406
               +---------+---------+-------+---------+---------+-------+---------
